 Dungeon Crawl Stone Soup version 0.22.1-2-g9c5b331 (webtiles) character file.

69 nightchill the Sneak (level 4, 0/23 HPs)
             Began as a Vine Stalker Assassin on Nov 14, 2018.
             Slain by an ogre
             ... wielding a +0 giant spiked club
              (20 damage)
             ... on level 4 of the Dungeon.
             The game lasted 00:08:13 (2938 turns).

nightchill the Sneak (Vine Stalker Assassin)        Turns: 2938, Time: 00:08:14

Health: 0/23       AC:  5    Str: 13    XL:     4   Next: 20%
Magic:  0/5        EV: 11    Int: 11    God:
Gold:   148        SH:  0    Dex: 17    Spells: 3/3 levels left

rFire    . . .     SeeInvis .   w - +0 short sword (venom)
rCold    . . .     Gourm    .   (no shield)
rNeg     . . .     Faith    .   n - +0 leather armour
rPois    .         Spirit   +   (no helmet)
rElec    .         Reflect  .   r - +0 cloak
rCorr    .         Harm     .   (no gloves)
MR       .....                  t - +0 pair of boots
Stlth    +++.......             i - amulet of the acrobat
HPRegen  0.47/turn              (no ring)
MPRegen  0.09/turn              (no ring)

@: no status effects
A: fangs 2, regeneration 1, magic shield, antimagic bite, no potion heal 3, rot
immunity
a: no special abilities


You were on level 4 of the Dungeon.
You were very hungry.

You visited 1 branch of the dungeon, and saw 5 of its levels.

You collected 148 gold pieces.

Inventory:

Hand Weapons
 a - a +2 dagger
 b - a +0 blowgun
 w - a +0 short sword of venom (weapon)
Missiles
 e - 27 poisoned needles
 f - 2 curare-tipped needles
 m - 124 stones (quivered)
Armour
 c - a +0 robe
 d - a +0 cloak
 n - a +0 leather armour (worn)
 r - a +0 cloak (worn)
 t - a +0 pair of boots (worn)
Magical Staves
 h - an uncursed staff of earth {unknown}
Jewellery
 i - an amulet of the acrobat (around neck)
 j - an uncursed ring of protection from cold {unknown}
 v - an uncursed ring of fire {unknown}
Scrolls
 o - 2 scrolls of teleportation
Potions
 k - 2 potions of might
 p - 2 potions of curing
 s - a potion of haste
 u - a potion of mutation
Comestibles
 g - 5 rations


   Skills:
 + Level 2.5 Fighting
 * Level 3.0 Short Blades
 - Level 1.7 Throwing
 - Level 0.7 Dodging
 + Level 5.4 Stealth


You had 3 spell levels left.
You didn't know any spells.
Your spell library was empty.

Dungeon Overview and Level Annotations

Branches:
Dungeon (5/15)
 Temple: D:4-7

Altars:
Gozag
Hepliaklqana
Kikubaaqudgha
Xom
Yredelemnul

Annotations:
D:2 1 runed door, exclusion: door
D:4 exclusion: downstairs


Innate Abilities, Weirdness & Mutations

You have extremely sharp teeth.
Your natural rate of healing is unusually fast.
When hurt, damage is shared between your health and your magic reserves.
Your bite disrupts and absorbs the magic of your enemies.
Potions cannot restore your health.
You are immune to rotting.


Message History

There is a stone staircase leading down here.
There is a stone staircase leading down here.
You climb downwards.
A gnoll comes into view. It is wielding a spear.
The gnoll shouts!
You hear a shout! x3
There is a stone staircase leading up here.
There is a stone staircase leading up here.
A worker ant comes into view.
There is a stone staircase leading up here.
The ogre closely misses you.
The gnoll hits you from afar with a spear.
The gnoll closely misses you.
You climb upwards.
Level annotation: exclusion: downstairs
There is a stone staircase leading down here.
You hit the ogre. You bite the ogre. You drain its power.
You feel invigorated.
The ogre is moderately wounded.
The ogre hits you with a giant spiked club!!
Ouch! That really hurt!
You die...

..# #.# #.##########. ###
#.########.#...,,..##.
#.#.....##.#.#***#.##.
#####.#..........#####.##.
#.........#......#........
#.###.#............###.###
*,* #.#......#.#.### #.#
*,* #........###.#####.#
*,**###.#@#.## #.......#
*,........O.# #########
**###########


You could see an ogre.

Vanquished Creatures
  An adder (D:3)
  An ooze (D:1)
  2 dart slugs
  A leopard gecko (D:2)
  2 orcs (D:3)
  A ball python (D:1)
  A giant cockroach (D:1)
  8 goblins
  5 hobgoblins
  5 kobolds
  9 bats
  5 frilled lizards
  6 rats
47 creatures vanquished.

Notes
Turn   | Place    | Note
-------+----------+-------------------------------------------
     0 | D:1      | nightchill the Vine Stalker Assassin began the quest for
                  | the Orb.
     0 | D:1      | Reached XP level 1. HP: 11/11 MP: 2/2
     0 | D:1      | Noticed a green draconian
     1 | D:1      | Noticed a shadow dragon
     3 | D:1      | Noticed a shadow dragon
     6 | D:1      | Noticed a black draconian
     8 | D:1      | Noticed an iron dragon
    10 | D:1      | Noticed a black draconian
    12 | D:1      | Noticed a shadow dragon
    14 | D:1      | Noticed an ice dragon
    14 | D:1      | Noticed a tentacled monstrosity
    16 | D:1      | Noticed an orb of fire
    16 | D:1      | Noticed a black draconian
    16 | D:1      | Noticed an iron dragon
    18 | D:1      | Noticed a shadow dragon
    20 | D:1      | Noticed a large abomination
   142 | D:1      | Reached skill level 5 in Stealth
   142 | D:1      | Reached XP level 2. HP: 15/15 MP: 3/3
   564 | D:1      | Reached XP level 3. HP: 12/18 MP: 4/4
  1235 | D:2      | Found a faded altar of an unknown god.
  1462 | D:2      | Found a runed door.
  1826 | D:3      | Found a shimmering altar of Xom.
  1834 | D:3      | Found a hazy altar of Hepliaklqana.
  1834 | D:3      | Noticed a thorn hunter
  1835 | D:3      | Noticed a thorn hunter
  1835 | D:3      | Noticed a spectral ugly thing
  1881 | D:3      | Found an ancient bone altar of Kikubaaqudgha.
  2138 | D:3      | Gained mutation: Your natural rate of healing is unusually
                  | fast. [Vine Stalker growth]
  2138 | D:3      | Reached XP level 4. HP: 23/23 MP: 5/5
  2614 | D:4      | Found an opulent altar of Gozag.
  2658 | D:4      | Found an opulent altar of Gozag.
  2731 | D:4      | Found a basalt altar of Yredelemnul.
  2878 | D:5      | Entered Level 5 of the Dungeon
  2878 | D:5      | Noticed an ogre
  2938 | D:4      | Slain by an ogre

Skill      XL: |  1  2  3  4 |
---------------+-------------+-----
Short Blades   | 2 3 |  3.0
Fighting       | 2 |  2.5
Stealth        | 5 |  5.4
Throwing       | |  1.7
Dodging        | |  0.7

Action                   |  1- 3 |  4- 6 || total
-------------------------+-------+-------++-------
Melee: Dagger            |    81 |       ||    81
       Bite              |    18 |     6 ||    24
       Short sword       |     4 |    23 ||    27
Throw: Stone             |     2 |       ||     2
  Use: Scroll            |       |    10 ||    10
 Stab: Sleeping          |    16 |     1 ||    17
  Eat: Chunk             |     4 |     1 ||     5
Armor: Robe              |     6 |       ||     6
       Leather armour    |    14 |    10 ||    24
Dodge: Dodged            |    58 |    19 ||    77
